 Dungeon Crawl Stone Soup version 0.24-a0-584-g9d6b971ae4 (webtiles) character file.

Game seed: 7325233844924033118, levelgen mode: deterministic

310 Siffty the Shield-Bearer (level 6, -12/47 HPs)
             Began as a Human Fighter on Aug 29, 2019.
             Mangled by an ogre
             ... wielding a +0 giant club
              (15 damage)
             ... on level 5 of the Dungeon.
             The game lasted 00:07:56 (2429 turns).

Siffty the Shield-Bearer (Human Fighter)            Turns: 2429, Time: 00:07:57

Health: -12/47     AC:  7    Str: 18    XL:     6   Next: 70%
Magic:  6/6        EV:  8    Int:  9    God:
Gold:   114        SH:  9    Dex: 12    Spells: 5/5 levels left

rFire    . . .     SeeInvis .   a - +0 long sword
rCold    . . .     Gourm    .   c - +0 shield
rNeg     . . .     Faith    .   b - +0 scale mail
rPois    .         Spirit   .   (no helmet)
rElec    .         Reflect  .   (no cloak)
rCorr    .         Harm     .   (no gloves)
MR       +....                  (no boots)
Stlth    ..........             (no amulet)
HPRegen  0.15/turn              t - ring of protection from magic
MPRegen  0.10/turn              (no ring)

@: no status effects
A: no striking features
a: no special abilities


You were on level 5 of the Dungeon.
You were near starving.

You visited 1 branch of the dungeon, and saw 5 of its levels.

You collected 114 gold pieces.

Inventory:

Hand Weapons
 a - a +0 long sword (weapon)
Missiles
 p - 25 stones (quivered)
Armour
 b - a +0 scale mail (worn)
 c - a +0 shield (worn)
 g - a +0 centaur barding
 m - a +0 ring mail
Jewellery
 s - an uncursed ring of magical power {unknown}
 t - a ring of protection from magic (left hand)
Scrolls
 e - a scroll of immolation {unknown}
 h - 2 scrolls of amnesia {unknown}
 i - a scroll of blinking {unknown}
 l - 3 scrolls of remove curse {unknown}
 n - 2 scrolls of fog {unknown}
 o - 2 scrolls of identify {unknown}
 q - a scroll of teleportation {unknown}
 r - a scroll of enchant armour {unknown}
 u - a scroll of enchant weapon {unknown}
Potions
 d - 2 potions of might
 f - a potion of degeneration {unknown}
 k - a potion of lignification
Comestibles
 j - 3 rations


   Skills:
 + Level 3.6 Fighting
 + Level 3.2 Long Blades
 + Level 4.4 Armour
 + Level 1.6 Dodging
 + Level 0.1 Stealth
 + Level 4.5 Shields


You had 5 spell levels left.
You didn't know any spells.
Your spell library was empty.

Dungeon Overview and Level Annotations

Branches:
Dungeon (5/15)
 Temple: D:4-7

Altars:
Qazlal


Message History

You slash the ogre!
The ogre is moderately wounded.
The ogre hits you with a +0 giant club!
You hit the ogre but do no damage.
The ogre is moderately wounded.
The ogre hits you with a +0 giant club!!
* * * LOW HITPOINT WARNING * * *
Your shield and scale mail prevent you from hitting the ogre.
The ogre is moderately wounded.
You block the ogre's attack.
You hit the ogre.
The ogre is moderately wounded.
You block the ogre's attack.
Your shield and scale mail prevent you from hitting the ogre.
The ogre is moderately wounded.
You block the ogre's attack.
You slash the ogre!
The ogre is severely wounded.
The ogre hits you with a +0 giant club!
You die...

######################
......O@.............#
##..################.#
#.### #.... ##... #.##
#.# ..# ####


You could see an ogre.

Vanquished Creatures
  Sigmund (D:2)
  A bullfrog zombie (D:3)
  A bullfrog skeleton (D:5)
  2 howler monkey zombies (D:5)
  3 gnolls (D:5)
  2 adders
  A leopard gecko (D:4)
  A ball python (D:4)
  3 bats
  A giant cockroach (D:1)
  5 goblins
  2 hobgoblins
  2 jackals (D:5)
  6 kobolds
  2 frilled lizards
  2 rats
35 creatures vanquished.

Notes
Turn   | Place    | Note
-------+----------+-------------------------------------------
     0 | D:1      | Siffty the Human Fighter began the quest for the Orb.
     0 | D:1      | Reached XP level 1. HP: 18/18 MP: 1/1
   327 | D:1      | Reached XP level 2. HP: 22/24 MP: 2/2
   496 | D:2      | Noticed Sigmund
   507 | D:2      | Killed Sigmund
   507 | D:2      | Reached skill level 1 in Dodging
   507 | D:2      | Reached XP level 3. HP: 10/29 MP: 3/3
   507 | D:2      | Reached XP level 4. HP: 13/35 MP: 4/4
   507 | D:2      | Reached XP level 5. HP: 15/41 MP: 5/5
   566 | D:2      | HP: 1/41 [kobold/+0 dagger (2)]
  1320 | D:3      | Found a stormy altar of Qazlal.
  1330 | D:3      | Noticed a fire elemental
  1331 | D:3      | Noticed an air elemental
  1331 | D:3      | Noticed a water elemental
  1675 | D:3      | Reached XP level 6. HP: 45/47 MP: 6/6
  1781 | D:4      | Noticed a phantom
  1978 | D:5      | Entered Level 5 of the Dungeon
  2418 | D:5      | Noticed an ogre
  2429 | D:5      | Mangled by an ogre

Levels and vault maps discovered:
D:1:      dpeg_arrival_leaves_temple_mockup, layout_loops_ring
D:2:      layout_loops_ring, xom_butterflies, minmay_misc_feat_encased,
          uniq_sigmund
D:3:      layout_loops_ring, first_ration, minmay_misc_feat_room,
          nicolae_qazlal_style_of_elements
D:4:      layout_basic, lemuel_crystal_altar, hangedman_abyss_or_decor_passed,
          uniq_crazy_yiuf_cottage, uniq_duvessa
D:5:      layout_loops_ring, lightli_temple_of_fire, gammafunk_ghost_smash,
          uniq_eustachio

Skill      XL: |  1  2  3  4  5 |
---------------+----------------+-----
Armour         | 4 |  4.4
Dodging        | 1 |  1.6
Shields        | 4 |  4.5
Long Blades    | 3 |  3.2
Fighting       | |  3.6
Stealth        | |  0.1

Action                   |  1- 3 |  4- 6 || total
-------------------------+-------+-------++-------
Melee: Long sword        |    49 |   104 ||   153
  Use: Potion            |       |     3 ||     3
  Eat: Ration            |       |     1 ||     1
Armor: Scale mail        |    52 |    72 ||   124
       Skin              |       |    55 ||    55
Dodge: Dodged            |    24 |    68 ||    92
Block: Shield            |    47 |   142 ||   189
       Rpst.: Long sword |     7 |    23 ||    30

Table legend:
 A = Non-vault XP
 B = Vault XP
 C = Vault XP percentage of total XP
 D = Non-vault monster count
 E = Vault monster count
 F = Vault count percentage of total count
                 A         B        C        D         E       F
            +---------+---------+-------+---------+---------+-------
      Total |     232 |     212 |  47.7 |      34 |       1 |   2.9
            +---------+---------+-------+---------+---------+-------
        D:1 |      12 |       0 |   0.0 |       7 |       0 |   0.0
        D:2 |      18 |     212 |  92.2 |       5 |       1 |  16.7
        D:3 |      74 |       0 |   0.0 |      11 |       0 |   0.0
        D:4 |       6 |       0 |   0.0 |       3 |       0 |   0.0
        D:5 |     122 |       0 |   0.0 |       8 |       0 |   0.0
            +---------+---------+-------+---------+---------+-------
